 Dungeon Crawl Stone Soup version 0.28-a0-863-g8cecda6153 (webtiles) character file.

Game seed: 7906514934451283161

4 siradein the Skirmisher (level 1, -3/20 HPs)
             Began as a Hill Orc Fighter on Nov 17, 2021.
             Slain by a gnoll (4 damage)
             ... on level 1 of the Dungeon.
             The game lasted 00:00:21 (90 turns).

siradein the Skirmisher (Hill Orc Fighter)            Turns: 90, Time: 00:00:21

Health: -3/20      AC:  6    Str: 18    XL:     1   Next: 70%
Magic:  1/1        EV:  9    Int:  8    God:
Gold:   18         SH:  4    Dex: 10    Spells: 0/0 levels left

rFire   . . .      SeeInvis .   a - +0 war axe
rCold   . . .      Faith    .   c - +0 buckler
rNeg    . . .      Spirit   .   b - +0 scale mail
rPois   .          Reflect  .   (no helmet)
rElec   .          Harm     .   (no cloak)
rCorr   .          Rampage  .   (no gloves)
Will    .....                   (no boots)
Stlth   ..........              (no amulet)
HPRegen 0.06/turn               (no ring)
MPRegen 0.07/turn               (no ring)

@: no status effects
A: no striking features
a: no special abilities


You were on level 1 of the Dungeon.
You visited 1 branch of the dungeon, and saw 1 of its levels.

You collected 18 gold pieces.

Inventory:

Hand Weapons
 a - a +0 war axe (weapon)
Armour
 b - a +0 scale mail (worn)
 c - a +0 buckler (worn)
Potions
 d - a potion of might


   Skills:
 + Level 3.7 Fighting
 + Level 2.8 Axes
 + Level 3.4 Armour
 + Level 3.3 Shields


You couldn't memorise any spells.
You didn't know any spells.
Your spell library was empty.

Dungeon Overview and Level Annotations

Branches:
Dungeon (1/15)

Altars:


Message History

No target in view!
No target in view!
No target in view!
A rat comes into view.
A rat is nearby!
A rat is nearby!
A rat is nearby!
A rat is nearby!
You barely miss the rat. The rat barely misses you.
You barely miss the rat. You block the rat's attack. The rat barely misses you.
You barely miss the rat. The rat barely misses you.
You closely miss the rat. The rat barely misses you.
You closely miss the rat. The rat barely misses you.
The rat bites you but does no damage.
You closely miss the rat. The rat misses you.
You closely miss the rat. You block the rat's attack. x2
You completely miss the rat. The rat bites you.
You hit the rat but do no damage. The rat bites you.
You are too injured to fight recklessly!
You are too injured to fight recklessly!
You are too injured to fight recklessly!
You are too injured to fight recklessly!
You slash the rat!
You kill the rat!
A gnoll comes into view. It is wielding a +0 club.
The gnoll shouts!
You hear an angry hiss.
You hear a shout!
You barely miss the gnoll. The gnoll hits you but does no damage.
You slash the gnoll!
The gnoll is heavily wounded.
The gnoll hits you with a +0 club. The gnoll closely misses you.
You barely miss the gnoll.
The gnoll is heavily wounded.
The gnoll hits you with a +0 club.
* * * LOW HITPOINT WARNING * * *
You closely miss the gnoll.
The gnoll is heavily wounded.
The gnoll hits you with a +0 club.
* * * LOW HITPOINT WARNING * * *
The gnoll hits you with a +0 club.
You die...

###### #.#.#####.#
#.#..### #.#.......#
##.....# #.#.#######
#..##.####.#...†...######
#.###..#..##.............
#.####...###.##..........
#..# #.### #.#.....#####
##.# #.# #g#..#..#
##.###.# #@#..#..# #
#<..#... #.#..#..#.#
###....# #.####....#
#.### #.#.....#.# .#
#.#.#.#....... .# #.# #.
....... # #.# .# ....###
#.##. ....# #. ....#


You could see a gnoll.

Vanquished Creatures
  A dart slug (D:1)
  A hobgoblin (D:1)
  A rat (D:1)
3 creatures vanquished.

Notes
Turn   | Place    | Note
-------+----------+-------------------------------------------
     0 | D:1      | siradein the Hill Orc Fighter began the quest for the Orb.
     0 | D:1      | Reached XP level 1. HP: 19/19 MP: 1/1
    90 | D:1      | HP: 1/20 [gnoll (4)]
    90 | D:1      | Slain by a gnoll

Illustrated notes

Levels and vault maps discovered:
D:1:      dpeg_arrival_round_a, layout_basic, hangedman_decor_growths,
          nicolae_figureground_sparkle

Action                   || total
-------------------------++-------
Melee: War axe           ||    19
Armor: Scale mail        ||     2
Dodge: Dodged            ||     9
Block: Buckler           ||     5

Table legend: (Time is in decaauts)
 A = Elapsed time spent in this place.
 B = Non-inter-level travel time spent in this place.
 C = Inter-level travel time spent in this place.
 D = Time resting spent in this place.
 E = Time spent auto-exploring this place.
 F = Levels seen in this place.
 G = Mean time per level.
                   A        B        C        D        E       F      G
               +--------+--------+--------+--------+--------+-----+--------+
         Total |     96 |     96 |      0 |      0 |     47 |   1 |   96.0 |
       Dungeon |     96 |     96 |      0 |      0 |     47 |   1 |   96.0 |
               +--------+--------+--------+--------+--------+-----+--------+

Top non-repeatable levels by time:
     D:1: 96 daAuts
